 Dungeon Crawl Stone Soup version 0.23.2-40-g277498a001 (webtiles) character file.

Game seed: 1213842369122666991

117 Curus the Poker (level 4, -1/39 HPs)
             Began as a Minotaur Fighter on Oct 21, 2019.
             Slain by a gnoll
             ... wielding a +0 spear
              (3 damage)
             ... on level 2 of the Dungeon.
             The game lasted 00:05:18 (943 turns).

Curus the Poker (Minotaur Fighter)                   Turns: 943, Time: 00:05:19

Health: -1/39      AC:  9    Str: 20    XL:     4   Next: 71%
Magic:  3/3        EV:  5    Int:  6    God:
Gold:   92         SH:  9    Dex: 10    Spells: 3/3 levels left

rFire    . . .     SeeInvis .   a - +1 trident
rCold    . . .     Gourm    .   c - +0 shield
rNeg     + . .     Faith    .   j - +0 chain mail
rPois    .         Spirit   .   (helmet restricted)
rElec    .         Reflect  .   (no cloak)
rCorr    .         Harm     .   (no gloves)
MR       .....                  (no boots)
Stlth    ..........             (no amulet)
HPRegen  0.13/turn              e - ring of positive energy
MPRegen  0.08/turn              (no ring)

@: no status effects
A: retaliatory headbutt, horns 2
a: no special abilities


You were on level 2 of the Dungeon.
You were not hungry.

You visited 1 branch of the dungeon, and saw 2 of its levels.

You collected 92 gold pieces.

Inventory:

Hand Weapons
 a - a +1 trident (weapon)
Armour
 b - a +0 scale mail
 c - a +0 shield (worn)
 j - a +0 chain mail (worn)
Jewellery
 e - a ring of positive energy (left hand)
Scrolls
 g - 2 scrolls of teleportation
 h - a scroll of remove curse
 k - a scroll of identify
Potions
 d - 2 potions of might
 i - a potion of curing
Comestibles
 f - 5 rations


   Skills:
 - Level 3.6 Fighting
 + Level 6.1 Polearms
 - Level 3.6 Armour
 - Level 3.6 Shields


You had 3 spell levels left.
You didn't know any spells.
Your spell library was empty.

Dungeon Overview and Level Annotations

Branches:
Dungeon (2/15)

Altars:
Cheibriados


Innate Abilities, Weirdness & Mutations

You reflexively headbutt those who attack you in melee.
You have a pair of horns on your head.


Message History

Aim: a gnoll, wielding a +0 spear (heavily wounded)
You reach to attack!
You barely miss the gnoll.
The gnoll is heavily wounded.
The gnoll hits you from afar with a +0 spear.
* * * LOW HITPOINT WARNING * * *
Attack whom?
Press: ? - help, Dir - move target cursor, f/p - gnoll
Aim: a gnoll, wielding a +0 spear (heavily wounded)
You reach to attack!
You barely miss the gnoll.
The gnoll is heavily wounded.
The gnoll hits you from afar with a +0 spear!
* * * LOW HITPOINT WARNING * * *
Attack whom?
Press: ? - help, Dir - move target cursor, f/p - gnoll
Aim: a gnoll, wielding a +0 spear (heavily wounded)
Okay, then.
Unknown command.
There is an escape hatch in the ceiling here.
The gnoll hits you from afar with a +0 spear.
You die...

..................
.................. #
................. #.
........)......(. ....#..
#.....†?...... ....#...
#.............
.........##.....g.......
........................
..>...#####.....@......#
......###.............#
#...#...#....>...... ...
#.....##..........# ...
##...###..........#
....##.....##..#######.#
....#...#...#...# ##.##
.......###......###......
......#####.......#......


You could see a gnoll.

Vanquished Creatures
  Natasha (D:2)
  2 gnolls (D:2)
  An adder (D:2)
  An ooze (D:1)
  3 worms (D:2)
  A dart slug (D:2)
  2 leopard geckos
  6 bats
  11 hobgoblins
  4 jackals (D:1)
  4 kobolds
  2 frilled lizards (D:1)
  5 goblins
  3 rats
46 creatures vanquished.

Notes
Turn   | Place    | Note
-------+----------+-------------------------------------------
     0 | D:1      | Curus the Minotaur Fighter began the quest for the Orb.
     0 | D:1      | Reached XP level 1. HP: 19/19 MP: 0/0
    46 | D:1      | Reached skill level 3 in Polearms
    55 | D:1      | Reached XP level 2. HP: 26/26 MP: 1/1
   163 | D:1      | Reached skill level 4 in Polearms
   303 | D:1      | Reached XP level 3. HP: 28/31 MP: 2/2
   710 | D:2      | Found a snail-covered altar of Cheibriados.
   805 | D:2      | Noticed Natasha
   816 | D:2      | Killed Natasha
   816 | D:2      | Reached skill level 5 in Polearms
   816 | D:2      | Reached XP level 4. HP: 26/39 MP: 3/3
   934 | D:2      | Reached skill level 6 in Polearms
   943 | D:2      | Slain by a gnoll

Skill      XL: |  1  2  3  4 |
---------------+-------------+-----
Polearms       | 3 4 5 6 |  6.1
Fighting       | |  3.6
Armour         | |  3.6
Shields        | |  3.6

Action                   |  1- 3 |  4- 6 || total
-------------------------+-------+-------++-------
Melee: Trident           |    85 |    51 ||   136
       Headbutt          |     8 |     5 ||    13
  Use: Scroll            |     3 |     1 ||     4
       Potion            |     4 |       ||     4
Armor: Scale mail        |    17 |       ||    17
       Chain mail        |    13 |    26 ||    39
Dodge: Dodged            |     9 |    14 ||    23
Block: Shield            |    29 |    18 ||    47
